AoeStats
← Der Sprudel

Socotra

506808362Analyzed
4v4 RM · 17d ago on Sep 15, 2026· 36m 4s· 8 players
Game mode
Random Map
Map size
148×148
Population
200
Speed
Normal
Resources
Standard
Victory
Conquest
Starting age
Dark Age
Ending age
Imperial Age
RankedLock teamsTeams togetherTeam positionsShared explorationLock speedFull tech treeHidden civsTurbo modeCheats
Victory
Defeat
🇹🇷 Koreans · Türkiye
1366
+13
🇹🇼 Hindustanis · Taiwan
1334
+14
🇹🇼 Maya · Taiwan
1326
+15
🇹🇼 Persians · Taiwan
1321
+15
🇩🇪 Persians · Germany
1353
-16
🇩🇪 Khitans · Germany
1288
-14
🇮🇹 Sicilians · Italy
1282
-14
🇩🇪 Japanese · Germany
1257
-13
Cattiva
6:18 Loom
11:56 Feudal Age
17:40 Castle Age
18:12 Double-Bit Axe
inertgas01
6:05 Loom
8:48 Feudal Age
9:39 Double-Bit Axe
9:57 Horse Collar
15:42 Scale Barding Armor
16:34 Forging
18:10 Gold Mining
19:17 Bloodlines
23:19 Castle Age
24:45 Light Cavalry
25:26 Husbandry
25:48 Chain Barding Armor
26:04 Iron Casting
27:47 Wheelbarrow
30:19 Bow Saw
35:31 Heavy Plow
36:22 Hand Cart
35:52 Town Watch
passiontea
0:26 Loom
9:23 Feudal Age
12:45 Fletching
24:53 Castle Age
24:35 Padded Archer Armor
24:22 Double-Bit Axe
24:18 Horse Collar
24:30 Gold Mining
25:44 Bodkin Arrow
25:29 Crossbowman
26:26 Bow Saw
28:50 Heavy Plow
29:59 Sanctity
31:35 Wheelbarrow
35:28 Imperial Age
34:52 Hand Cart
C42
4:06 Loom
11:11 Feudal Age
13:27 Double-Bit Axe
13:50 Horse Collar
15:01 Fletching
27:06 Castle Age
28:13 Bow Saw
28:03 Heavy Plow
34:52 Gold Mining
Der Sprudel
7:03 Loom
10:14 Feudal Age
11:04 Double-Bit Axe
12:54 Domestication
16:13 Forging
16:53 Scale Barding Armor
19:45 Wheelbarrow
23:34 Castle Age
24:39 Chain Barding Armor
23:41 Light Cavalry
25:25 Bow Saw
26:43 Town Watch
30:15 Husbandry
30:51 Gold Mining
36:02 Iron Casting
36:09 Hand Cart
36:00 Pastoralism
KickersEmden_AoE
9:27 Feudal Age
11:18 Double-Bit Axe
11:16 Horse Collar
17:53 Wheelbarrow
20:23 Castle Age
18:47 Forging
20:14 Scale Barding Armor
20:21 Bloodlines
23:23 Bow Saw
Eule_Keule
6:28 Loom
9:53 Feudal Age
10:24 Double-Bit Axe
10:10 Man-at-Arms
11:17 Horse Collar
19:33 Arson
26:14 Wheelbarrow
30:04 Castle Age
28:22 Forging
28:12 Scale Mail Armor
29:58 Gold Mining
30:19 Long Swordsman
31:03 Squires
31:21 Gambesons
Dagoth_Ur
3:57 Loom
10:54 Feudal Age
24:34 Fletching
24:53 Horse Collar
31:24 Castle Age
35:31 Castle Age
Connection lost

Rejoining the realm…

Still unreachable

The connection could not be restored.

Session expired

The server has moved on; the page needs a fresh start.